 Dungeon Crawl Stone Soup version 0.26-a0-712-ga5a9c9c9d0 (webtiles) character file.

Game seed: 1100144010706265950

2598 kae the Transmogrifier (level 9, -4/111 HPs)
             Began as a Naga Transmuter on Nov 3, 2020.
             Was a Believer of Cheibriados.
             Slain by a howler monkey (5 damage)
             ... on level 8 of the Dungeon.
             The game lasted 00:07:39 (9685 turns).

kae the Transmogrifier (Naga Transmuter)            Turns: 9685, Time: 00:07:39

Health: -4/111     AC: 24    Str: 20    XL:     9   Next: 59%
Magic:  10/13      EV:  1    Int: 20    God:    Cheibriados [**....]
Gold:   516        SH:  0    Dex: 16    Spells: 5/14 levels left

rFire    . . .     SeeInvis +     - Unarmed
rCold    . . .     Faith    .   (no shield)
rNeg     + + +     Spirit   .   (armour currently unavailable)
rPois    +         Reflect  .   (helmet currently unavailable)
rElec    .         Harm     .   (cloak currently unavailable)
rCorr    .         Rampage  .   (gloves currently unavailable)
MR       +....     NoTele   +   (no barding)
Stlth    +.........             (no amulet)
HPRegen  0.28/turn              o - ring of protection from magic
MPRegen  0.13/turn              m - ring of flight

@: lethally poisoned (-4 -> -27), tree-form (expiring), vulnerable, stab,
lightly drained, very slow
A: large, see invisible, spit poison 1, AC +3
a: Spit Poison, Bend Time, Renounce Religion


You were on level 8 of the Dungeon.
You worshipped Cheibriados.
Cheibriados was pleased with you.
You were a tree.
You visited 2 branches of the dungeon, and saw 9 of its levels.

You collected 516 gold pieces.

Inventory:

Armour
 a - a +1 robe (melded)
 j - a +1 pair of gloves (melded)
Jewellery
 m - a ring of flight (right branch)
 o - a ring of protection from magic (left branch)
Wands
 v - a wand of flame (20)
Scrolls
 b - 5 scrolls of remove curse
 c - 3 scrolls of teleportation
 e - 3 scrolls of random uselessness
 l - a scroll of identify
Potions
 d - a potion of resistance
 g - a potion of stabbing
 h - a potion of berserk rage {unknown}
 i - 2 potions of cancellation
 k - 5 potions of haste
 q - 3 potions of degeneration
 r - a potion of mutation {unknown}
 s - a potion of magic {unknown}
 t - a potion of lignification
 u - a potion of curing {unknown}
 x - a potion of brilliance {unknown}


   Skills:
 + Level 2.6 Fighting
 - Level 1.5 Dodging
 - Level 8.0(7.9) Unarmed Combat
 - Level 3.0(2.9) Spellcasting
 - Level 10.0(9.9) Transmutations


You had 5 spell levels left.
You knew the following spells:

 Your Spells              Type           Power        Failure   Level
a - Beastly Appendage     Tmut           #####.       1%          1
b - Spider Form           Tmut/Pois      ###.......   5%          3
c - Blade Hands           Tmut           #####.....   7%          5

Your spell library contained the following spells:

 Spells                   Type           Power        Failure   Level
 Wereblood                Tmut           #####...     1%          2
 Ice Form                 Ice/Tmut       ###.....     19%         4


Dungeon Overview and Level Annotations

Branches:
Dungeon (8/15)             Temple (1/1) D:4
   Lair: D:8-11

Altars:
Ashenzari
Cheibriados
Fedhas
Gozag
Hepliaklqana
Kikubaaqudgha
Makhleb
Nemelex Xobeh
Okawaru
Qazlal
Ru
Sif Muna
Trog
Uskayaw
Vehumet
Wu Jian
Xom
Yredelemnul
Zin
The Shining One


Innate Abilities, Weirdness & Mutations

You cannot wear boots.
((Your serpentine skin is tough. (AC +3)))
You have supernaturally acute eyesight. (SInv)
((Armour fits poorly on your strangely shaped body.))
((Your system is resistant to poisons. (rPois)))
((You cover ground very slowly.))
You can spit poison.


Message History

The killer bee stings you but does no damage.
The bullfrog hits you but does no damage. x2
The killer bee stings you but does no damage. x2
Unknown command.
You barely miss the bullfrog. You punch the bullfrog.
The bullfrog is lightly wounded.
* * * LOW HITPOINT WARNING * * *
You feel sick.
The howler monkey hoots and howls with incredible vigour!
The killer bee stings you.
* * * LOW HITPOINT WARNING * * *
The bullfrog hits you but does no damage.
The adder bites you.
* * * LOW HITPOINT WARNING * * *
The bullfrog completely misses you. The killer bee barely misses you.
The iguana hisses menacingly.
The killer bee stings you but does no damage.
The howler monkey hoots and howls with incredible vigour!
The howler monkey hits you.
You die...

#........#
#...$....###.
#......(.....
#.!..........
#............
#............
##...h....#...
#...yFS.......
#.?.y♣hl......
#...yFhy###...
#......yy.# .
##..........#
#............
#...........##..
#...............
#...........#...# ..
#...............##.##


You could see 2 bullfrogs, 3 howler monkeys, an iguana, 6 killer bees and an
adder (vulnerable).

Vanquished Creatures
  A wyvern (D:8)
  Eustachio (D:6)
  An orc warrior (D:7)
  3 ice beasts
  2 black bears (D:6)
  A necrophage (D:6)
  An ogre (D:8)
  3 centaurs
  2 bullfrogs
  5 wights
  2 howler monkeys
  A quasit (D:5)
  A jelly (D:6)
  3 hounds
  4 orc priests
  A bullfrog skeleton (D:5)
  6 orc wizards
  2 iguanas (D:6)
  4 worker ants
  A hound skeleton (D:8)
  Robin (D:3)
  3 gnolls
  A worker ant zombie (D:7)
  9 adders
  A shadow imp (D:4)
  2 white imps
  An ufetubus (D:7)
  An adder skeleton (D:7)
  A worm (D:3)
  2 dart slugs (D:1)
  2 leopard geckos
  26 orcs
  4 ball pythons
  7 bats
  A giant cockroach (D:3)
  15 goblins
  7 hobgoblins
  13 jackals
  2 quokkas (D:3)
  6 frilled lizards
  A jackal skeleton (D:4)
  6 kobolds
  A leopard gecko zombie (D:5)
  12 rats
170 creatures vanquished.

Notes
Turn   | Place    | Note
-------+----------+-------------------------------------------
     0 | D:1      | kae the Naga Transmuter began the quest for the Orb.
     0 | D:1      | Reached XP level 1. HP: 18/18 MP: 3/3
   463 | D:1      | Reached XP level 2. HP: 23/25 MP: 3/5
  1373 | D:2      | Reached skill level 3 in Transmutations
  1373 | D:2      | Reached XP level 3. HP: 27/31 MP: 4/6
  1391 | D:2      | Learned a level 3 spell: Spider Form
  1482 | D:2      | Found a basalt altar of Yredelemnul.
  1482 | D:2      | Found a shimmering altar of Xom.
  2245 | D:2      | Found a sacrificial altar of Ru.
  2253 | D:2      | Reached XP level 4. HP: 33/38 MP: 5/7
  2838 | D:3      | Reached skill level 4 in Transmutations
  3078 | D:3      | Found a glowing golden altar of the Shining One.
  3103 | D:3      | Noticed Robin
  3131 | D:3      | Reached XP level 5. HP: 26/44 MP: 1/8
  3143 | D:3      | Killed Robin
  4060 | D:4      | Found a staircase to the Ecumenical Temple.
  4092 | D:4      | Reached skill level 5 in Transmutations
  4092 | D:4      | Reached XP level 6. HP: 45/51 MP: 4/9
  4927 | D:5      | Entered Level 5 of the Dungeon
  4995 | Temple   | Entered the Ecumenical Temple
  5117 | Temple   | Became a worshipper of Cheibriados the Contemplative
  5381 | D:5      | Noticed an ice beast
  5394 | D:5      | Killed an ice beast
  5394 | D:5      | Reached skill level 5 in Unarmed Combat
  5394 | D:5      | Reached skill level 6 in Transmutations
  5394 | D:5      | Reached XP level 7. HP: 57/57 MP: 7/10
  5516 | D:5      | Found a bloodstained altar of Trog.
  6196 | D:6      | Reached skill level 7 in Transmutations
  6274 | D:6      | Reached * piety under Cheibriados
  6454 | D:6      | Noticed Eustachio
  6462 | D:6      | Killed Eustachio
  6462 | D:6      | Reached XP level 8. HP: 56/64 MP: 7/11
  6476 | D:6      | Reached skill level 8 in Transmutations
  7405 | D:6      | Reached skill level 9 in Transmutations
  7788 | D:6      | Reached XP level 9. HP: 45/69 MP: 9/12
  7990 | D:6      | Found a burning altar of Makhleb.
  8123 | D:7      | Learned a level 5 spell: Blade Hands
  8140 | D:6      | Reached ** piety under Cheibriados
  9461 | D:8      | Reached skill level 10 in Transmutations
  9684 | D:8      | HP: 5/111 [poisoned by a killer bee]
  9685 | D:8      | HP: 1/111 [adder (2)]
  9685 | D:8      | Slain by a howler monkey

Illustrated notes

Levels and vault maps discovered:
D:1:      psy_arrival_fountain, layout_loops_corners
D:2:      layout_loops_corners, amethyst_overflow_temple_binary,
          nicolae_ru_sacrificial_ziggurat
D:3:      layout_rooms, nicolae_tso_carved_into_rock, uniq_robin
D:4:      layout_loops_corners, temple_doors_e
D:5:      layout_loops_cross, lemuel_doored_altar
D:6:      black_bear_nest_1, layout_gridville, makhleb_heckhound_becter,
          uniq_eustachio
D:7:      layout_rooms, roderic_serpentine_path
D:8:      layout_rooms, nicolae_overflow_hidden_temple
Temple:   kb_temple_of_zot

Skill      XL: |  1  2  3  4  5  6  7  8  9 |
---------------+----------------------------+-----
Transmutations | 3 4 5 6 7 9 10 | 10.0
Unarmed Combat | 4 5 6 7 8 |  8.0
Spellcasting   | 3 |  3.0
Fighting       | 2 |  2.6
Dodging        | |  1.5

Action                   |  1- 3 |  4- 6 |  7- 9 || total
-------------------------+-------+-------+-------++-------
Melee: Unarmed           |    38 |   201 |   183 ||   422
       Headbutt          |     3 |     9 |       ||    12
       Punch             |     1 |     1 |     2 ||     4
 Cast: Beastly Appendage |    22 |    22 |     1 ||    45
       Spider Form       |       |    11 |    36 ||    47
       Blade Hands       |       |       |     4 ||     4
Invok: Bend Time         |       |       |     1 ||     1
 Abil: Spit Poison       |    28 |    34 |    34 ||    96
  Use: Scroll            |       |     3 |    15 ||    18
       Potion            |       |       |     8 ||     8
Armor: Robe              |     8 |    47 |     2 ||    57
       Skin              |       |     6 |    85 ||    91
Dodge: Dodged            |    28 |   194 |   192 ||   414

Table legend: (Time is in decaauts)
 A = Elapsed time spent in this place.
 B = Non-inter-level travel time spent in this place.
 C = Inter-level travel time spent in this place.
 D = Time resting spent in this place.
 E = Time spent auto-exploring this place.
 F = Levels seen in this place.
 G = Mean time per level.
                   A        B        C        D        E       F      G
               +--------+--------+--------+--------+--------+-----+--------+
         Total |  12299 |  11721 |    578 |    488 |   9958 |   9 | 1366.6 |
       Dungeon |  12074 |  11575 |    499 |    488 |   9814 |   8 | 1509.2 |
        Temple |    224 |    145 |     79 |      0 |    144 |   1 |  224.0 |
               +--------+--------+--------+--------+--------+-----+--------+

Top non-repeatable levels by time:
     D:6: 2761 daAuts
     D:2: 1631 daAuts
     D:7: 1626 daAuts
     D:4: 1546 daAuts
     D:1: 1510 daAuts
     D:3: 1464 daAuts
     D:5: 1273 daAuts
     D:8: 260 daAuts
  Temple: 224 daAuts
